Map: Ruby Rock LE

Players

MyasnoY - Winner!

  • Race: Terran Terran
  • League: Gold
  • Spawn Location: 5:00

Sindyr

  • Race: Terran Terran
  • League: Gold
  • Spawn Location: 11:00

VOD

Have the link to the VOD?

Description

Time

  • Played on: Jan. 10, 2026, 2:06 p.m.
  • Length: 5:16
Show
View Real Time Build Order
Export as new Build Order

MyasnoY Terran - Winner!

Build Orders:  

Get SALT Encoding   

  12  0:00  SCV  
  13  0:12  SCV  
  14  0:20  Supply Depot  
  14  0:24  SCV  
  15  0:28  Refinery  
  15  0:42  SCV  
  16  0:45  Barracks  
  16  0:54  SCV  
  17  1:06  SCV  
  18  1:17  Supply Depot  
  18  1:20  SCV  
  19  1:33  Orbital Command  
  19  1:36  Factory  
  19  1:54  Barracks Reactor  
  19  1:55  Refinery  
  19  2:05  SCV  
  20  2:17  SCV  
  21  2:23  Command Center  
  21  2:26  Factory Tech Lab  
  21  2:31  Marine  
  21  2:32  Marine  
  23  2:37  SCV  
  24  2:49  SCV, Starport  
  24  2:50  Marine  
  26  3:03  Siege Tank  
  29  3:11  SCV  
  30  3:18  Supply Depot  
  30  3:23  SCV  
  31  3:28  Starport Tech Lab  
  31  3:34  Marine x2  
  31  3:35  Refinery  
  31  3:37  Siege Tank  
  36  3:41  Supply Depot  
  36  3:49  Interference Matrix  
  36  3:53  Marine  
  36  3:54  Marine  
  38  3:56  Raven  
  38  4:00  SCV x2  
  42  4:03  Supply Depot  
  42  4:12  SCV x2  
  42  4:15  Marine x2  
  46  4:24  SCV x2  
  48  4:30  Supply Depot  
  48  4:36  SCV x2  
  50  4:45  Marine  
  50  4:46  Marine  
  50  4:51  SCV x2  
  56  4:57  Supply Depot  
  56  5:03  SCV  
  56  5:04  Barracks  
  59  5:09  Barracks  
Show
View Real Time Build Order
Export as new Build Order

Sindyr Terran 

Build Orders: Reaper Expand 

Get SALT Encoding   

  12  0:02  SCV  
  14  0:14  SCV  
  14  0:19  Supply Depot  
  14  0:26  SCV  
  15  0:41  SCV  
  16  0:45  Barracks  
  16  0:54  SCV  
  16  0:56  Refinery  
  17  1:06  SCV  
  18  1:18  SCV  
  19  1:39  Supply Depot  
  19  1:42  Reaper  
  19  1:46  Orbital Command  
  20  2:09  Command Center  
  20  2:17  Factory  
  20  2:27  SCV  
  21  2:36  Barracks Reactor  
  21  2:39  SCV  
  21  2:43  Refinery  
  22  2:52  SCV  
  23  3:04  SCV  
  24  3:16  SCV  
  24  3:18  Starport  
  25  3:22  Barracks Tech Lab, Orbital Command  
  25  3:28  SCV  
  25  3:33  Widow Mine  
  25  3:34  Widow Mine  
  30  3:40  SCV  
  31  3:52  SCV  
  31  3:55  Marine  
  33  4:04  SCV  
  33  4:08  Starport Tech Lab  
  34  4:12  SCV  
  34  4:13  Marine  
  34  4:16  SCV  
  37  4:22  Command Center  
  37  4:25  SCV  
  37  4:28  SCV  
  37  4:31  Marine  
  40  4:33  Engineering Bay  
  40  4:34  Engineering Bay  
  40  4:35  Armory  
  40  4:37  SCV  
  41  4:40  SCV  
  41  4:42  Medivac  
  46  4:45  Widow Mine  
  46  4:50  Supply Depot  
  46  4:55  Marine  
  46  4:56  SCV x2  
  46  4:59  Refinery  
Tags
 
League
GoldGold
Matchup
TvT
Race
Terran
Replay Pack
Multiplayer
Spawn Locations
Cross Positions
Add a new tag
Caveats
  • Supply blocks, unpowered buildings, or Contaminate may cause inaccurate times.
  • Supply counts are checked every 10 seconds.